 Dungeon Crawl Stone Soup version 0.21.0-3-g78d12a8 (webtiles) character file.

24662 grindst0ne the Fighter (level 12, -15/105 HPs)
             Began as a Demonspawn Chaos Knight on Jan 12, 2018.
             Killed from afar by a raiju (19 damage)
             ... with a living lightning
             ... on level 3 of the Abyss.
             The game lasted 00:37:33 (13773 turns).

grindst0ne the Fighter (Demonspawn Chaos Knight)   Turns: 13773, Time: 00:37:34

Health: -15/105    AC: 27    Str: 14 (16) XL:     12   Next: 82%
Magic:  17/17      EV: 10    Int: 13 (14) God:    Xom [*.....]
Gold:   993        SH:  4    Dex:  8 (12) Spells: 11/11 levels left

rFire    + . .     SeeInvis .   z - +0 war axe
rCold    + + +     Gourm    .   v - +2 buckler {AC+3}
rNeg     . . .     Faith    .   Q - +2 plate armour {rC+}
rPois    +         Spirit   .   (helmet restricted)
rElec    .         Reflect  .   u - scarf {rC+ rF+}
rCorr    .         Harm     .   o - +2 pair of gloves
MR       .....                  (boots unavailable)
Stlth    ..........             d - amulet of regeneration
HPRegen  0.67/turn              k - +6 ring of evasion
MPRegen  0.15/turn              J - ring of poison resistance

@: cleaving, very slightly contaminated, invisible
A: hooves 3, horns 1, slimy green scales 2, blink, clumsy 1, cold resistance 1,
deterioration 2, powered by death 2, shaggy fur 1, wild magic 1, evolution 1,
freezing cloud immunity
a: Blink, Renounce Religion


You were on level 3 of the Abyss.
You worshipped Xom.
You were a special plaything of Xom.
You were hungry.

You visited 2 branches of the dungeon, and saw 15 of its levels.
You visited the Abyss 1 time.

You collected 993 gold pieces.

Inventory:

Hand Weapons
 z - a +0 war axe (weapon)
Armour
 o - a +2 pair of gloves (worn)
 r - a +0 pair of boots
 u - a scarf of resistance (worn)
 v - a +2 buckler of protection (worn)
 Q - a +2 plate armour of cold resistance (worn)
Jewellery
 a - an uncursed ring of resist corrosion
 d - an amulet of regeneration (around neck)
 k - a +6 ring of evasion (left hand)
 D - an uncursed ring of positive energy
 G - an uncursed ring of protection from magic
 J - a ring of poison resistance (right hand)
 O - an uncursed ring of magical power
Wands
 b - a wand of digging (15)
 n - a wand of acid (5)
 B - a wand of iceblast (4)
 F - a wand of polymorph (15)
 K - a wand of paralysis (10)
 T - a wand of disintegration (28)
Scrolls
 f - 4 scrolls of fog
 h - 3 scrolls of enchant weapon
 l - 2 scrolls of magic mapping
 q - 4 scrolls of enchant armour
 s - a scroll of summoning {unknown}
 t - 2 scrolls of blinking {unknown}
 w - 4 scrolls of teleportation
 x - 8 scrolls of remove curse
 y - a scroll of noise {unknown}
 C - a scroll of fear {unknown}
 N - a scroll of amnesia {unknown}
 V - a scroll of random uselessness {unknown}
Potions
 e - 4 potions of brilliance
 j - 5 potions of magic
 m - a potion of might
 A - a potion of cancellation
 E - a potion of mutation
 H - a potion of agility
 I - a potion of curing
 L - a potion of resistance
 W - 3 potions of flight
 X - a potion of berserk rage
Books
 i - a book of Changes

   Spells                             Type                      Level
   a - Beastly Appendage              Transmutation                1
   b - Sticks to Snakes               Transmutation                2
   c - Spider Form                    Transmutation/Poison         3
   d - Ice Form                       Ice/Transmutation            4
   e - Blade Hands                    Transmutation                5
 R - a book of Misfortune

   Spells                             Type                      Level
   a - Confusing Touch                Hexes                        1
   b - Confuse                        Hexes                        3
   c - Gell's Gravitas                Translocation                3
   d - Petrify                        Transmutation/Earth          4
   e - Metabolic Englaciation         Hexes/Ice                    5
   f - Yara's Violent Unravelling     Hexes/Transmutation          5
 U - a book of Air

   Spells                             Type                      Level
   a - Shock                          Conjuration/Air              1
   b - Swiftness                      Charms/Air                   2
   c - Static Discharge               Conjuration/Air              3
   d - Airstrike                      Air                          4
   e - Lightning Bolt                 Conjuration/Air              5
Miscellaneous
 p - a box of beasts
 M - a lightning rod (4/4)
 P - a phial of floods (inert)
Comestibles
 c - 22 rations


   Skills:
 + Level 13.2 Fighting
 * Level 11.2 Axes
 + Level 10.1 Armour
 - Level 0.8 Dodging
 * Level 6.9 Evocations


You had 11 spell levels left.
You didn't know any spells.

Dungeon Overview and Level Annotations

Branches:
Dungeon (11/15)            Temple (0/1) D:7            Lair (4/6) D:8
  Swamp (0/4) Lair:3          Orc (0/2) D:9
  Snake: Lair:2-4    Spider: Lair:2-4

Altars:
Ashenzari
Gozag
Hepliaklqana
Trog
Yredelemnul
Zin
The Shining One

Annotations:
D:3 exclusion: downstairs


Innate Abilities, Weirdness & Mutations

You have hooves in place of feet.
You are mostly covered in slimy green scales. (AC +3)
Your flesh is cold resistant. (rC+)
You regenerate health from kills.
You are immune to freezing clouds.
You have a pair of small horns on your head.
You can translocate small distances at will.
You are clumsy. (Dex -2)
Your body often deteriorates upon taking damage.
You are covered in fur. (AC +1)
Your spells are a little harder to cast, but a little more powerful.
You evolve.


Message History

You feel much better. The blizzard demon gestures at you.
The bolt of lightning misses you. The bolt of lightning hits you!
* * * LOW HITPOINT WARNING * * *
The bolt of lightning hits the blizzard demon.
The blizzard demon completely resists.
The raiju bursts into living lightning!
The living lightning hits you!
The raiju blinks! x2
As you read the scroll labeled SIPUXA AKOKE, it crumbles to dust.
You feel momentarily disoriented.
It was a scroll of magic mapping.
The blizzard demon hits you.
* * * LOW HITPOINT WARNING * * *
The blizzard demon hits you but does no damage.
The raiju bursts into living lightning!
The living lightning hits the blizzard demon.
The blizzard demon completely resists.
The living lightning hits you!
* * * LOW HITPOINT WARNING * * *
The living lightning hits you!
You die...
Xom giggles madly!

#..#.#x##h.# +
#.#.§##§. #
#....#.####
#.#....R§§#..
##...# #....#
. #.###. #.§.
#...§##.###§..
###h2.### .#
#...#@# #
#...###h# #.##
## #.. ##


You could see a blizzard demon and 2 raiju.

Vanquished Creatures
  2 catoblepae
  3 two-headed ogres
  Erica (D:11)
  The ghost of BonjourVileCrotch the Cleaver, a novice FoFi (D:11)
  Sonja (D:11)
  An oklob plant (Lair:3)
  A mana viper (shapeshifter) (D:10)
  An ugly thing (D:11)
  A worldbinder (Abyss:3)
  A black mamba (Lair:1)
  7 spiny frogs
  An ice statue (D:10)
  2 rime drakes
  2 komodo dragons
  A freezing wraith (D:10)
  An ancient zyme (Abyss:3)
  A troll (D:10)
  2 polar bears
  A hornet (D:10)
  A blink frog (Lair:1)
  3 hippogriffs
  3 ynoxinuls
  A wraith (D:10)
  A wyvern (D:6)
  11 yaks
  Grum (D:10)
  2 small abominations
  2 golden eyes (Abyss:2)
  A basilisk (Lair:4)
  A warg (shapeshifter) (Abyss:3)
  3 large abominations
  An acid dragon (Lair:2)
  8 water moccasins
  4 porcupines
  An ice beast (Abyss:3)
  5 orc warriors
  A black bear (D:6)
  3 sky beasts
  An eye of draining (Abyss:2)
  3 phantoms (D:10)
  A necrophage (D:10)
  4 ogres
  17 wolves
  9 centaurs
  2 big kobolds
  3 crocodiles
  7 bullfrogs
  A wyvern zombie (D:11)
  An earth elemental (Abyss:2)
  3 scorpions
  A wyvern skeleton (D:6)
  4 killer bees (D:11)
  3 howler monkeys
  3 electric eels (D:9)
  3 crimson imps
  4 jellies
  2 bullfrog skeletons
  2 bullfrog zombies (D:10)
  2 hounds (D:6)
  6 orc priests
  10 orc wizards
  Natasha (twice) (D:4)
  A worker ant (shapeshifter) (D:5)
  12 worker ants
  2 hound skeletons
  A hound zombie (D:5)
  A worker ant zombie (D:7)
  A howler monkey zombie (D:8)
  13 adders
  3 shadow imps
  An ufetubus (Abyss:3)
  6 oozes
  An ooze (shapeshifter) (D:5)
  An adder zombie (D:5)
  2 adder skeletons
  2 worms (D:2)
  A dart slug (D:3)
  A dart slug (shapeshifter) (D:1)
  4 leopard geckos
  40 orcs
  2 ball pythons
  8 bats
  5 giant cockroaches
  3 goblins
  9 hobgoblins
  4 jackals
  19 kobolds
  4 quokkas
  A frilled lizard (D:2)
  A leopard gecko skeleton (D:4)
  A quokka skeleton (D:5)
  5 rats
333 creatures vanquished.

Vanquished Creatures (collateral kills)
  A water moccasin (D:10)
  An orc warrior (D:9)
  2 wolves (D:10)
  An ogre (D:9)
  6 killer bees (D:11)
  An electric eel (D:9)
  A jelly (D:10)
  A bullfrog skeleton (D:7)
  A centaur skeleton (D:6)
  An orc wizard (D:9)
  An iguana (D:9)
  A worker ant (D:7)
  An adder (D:9)
  4 orcs
23 creatures vanquished.

Vanquished Creatures (others)
  A dancing weapon (D:10)
  An eye of draining (D:10)
  A wolf (Lair:3)
  An orc (D:4)
  A giant cockroach (D:4)
  A lurking horror (Abyss:3)
  11 starspawn tentacles (Abyss:3)
17 creatures vanquished.

Grand Total: 373 creatures vanquished

Notes
Turn   | Place    | Note
-------+----------+-------------------------------------------
     0 | D:1      | grindst0ne the Demonspawn Chaos Knight began the quest for the Orb.
     0 | D:1      | Reached XP level 1. HP: 18/18 MP: 1/1
    82 | D:1      | XOM: harmless Tloc miscast
   148 | D:1      | XOM: polymorph giant cockroach -> gnoll
   156 | D:1      | XOM: severe Conj miscast
   313 | D:1      | XOM: polymorph bat -> ball python
   314 | D:1      | Gained mutation: You are partially covered in slimy green scales. (AC +2) [demonic ancestry]
   314 | D:1      | Reached XP level 2. HP: 24/24 MP: 2/2
   441 | D:1      | XOM: stat loss: -1 Str (11/12)
   447 | D:1      | XOM: give mutations
   447 | D:1      | Gained mutation: You are clumsy. (Dex -2) [Xom's mischief]
   447 | D:1      | Gained mutation: Scrolls take you a little longer to read. [Xom's mischief]
   447 | D:1      | Gained mutation: Your body sometimes deteriorates upon taking damage. [Xom's mischief]
   447 | D:1      | Gained mutation: Armour fits poorly on your strangely shaped body. [Xom's mischief]
   733 | D:2      | XOM: divination: detect creatures
   736 | D:2      | Reached skill level 4 in Fighting
   893 | D:2      | Reached XP level 3. HP: 30/30 MP: 3/3
   901 | D:2      | XOM: butterfly on damage
  1308 | D:2      | XOM: give mutation
  1308 | D:2      | Gained mutation: Your spells are a little harder to cast, but a little more powerful. [Xom's grace]
  1321 | D:3      | XOM: stealth player
  1327 | D:3      | Gained mutation: You have large cloven feet. [demonic ancestry]
  1327 | D:3      | Reached XP level 4. HP: 38/38 MP: 4/4
  1333 | D:3      | Reached skill level 5 in Fighting
  1486 | D:3      | Found a bloodstained altar of Trog.
  1486 | D:3      | Noticed a water moccasin
  1498 | D:3      | Killed a water moccasin
  1498 | D:3      | Reached skill level 6 in Fighting
  1498 | D:3      | Gained mutation: You regenerate a little health from kills. [demonic ancestry]
  1498 | D:3      | Reached XP level 5. HP: 38/47 MP: 5/5
  1549 | D:3      | XOM: divination: detect creatures
  1623 | D:3      | Found a glowing golden altar of the Shining One.
  1625 | D:3      | Noticed an angel
  1681 | D:3      | XOM: summons 4 hostile shadow creatures
  1741 | D:3      | XOM: god gift: scroll labeled PUIBUG NAOF YBUL {god gift}
  1897 | D:3      | XOM: god gift: runed buckler {god gift}
  1950 | D:3      | XOM: divination: detect creatures
  2075 | D:3      | Found a basalt altar of Yredelemnul.
  2077 | D:3      | Noticed a profane servitor
  2149 | D:3      | Found a shattered altar of Ashenzari.
  2150 | D:3      | Found an opulent altar of Gozag.
  2248 | D:4      | Noticed an ogre
  2284 | D:3      | XOM: smoke on damage
  2286 | D:3      | Gained mutation: Your flesh is cold resistant. (rC+) [demonic ancestry]
  2286 | D:3      | Reached XP level 6. HP: 23/53 MP: 6/6
  2288 | D:3      | Reached skill level 7 in Fighting
  2300 | D:3      | XOM: give mutation
  2300 | D:3      | Gained mutation: You have a pair of small horns on your head. [Xom's grace]
  2447 | D:4      | XOM: confusion
  2600 | D:4      | XOM: destruction
  2608 | D:4      | XOM: summons 2 friendly demons
  2893 | D:4      | Noticed Natasha
  2897 | D:4      | Killed Natasha
  2897 | D:4      | Reached skill level 8 in Fighting
  2914 | D:4      | Noticed Natasha
  2942 | D:4      | Gained mutation: You regenerate health from kills. [demonic ancestry]
  2942 | D:4      | Reached XP level 7. HP: 62/62 MP: 7/7
  3119 | D:4      | XOM: cloud trail
  3176 | D:4      | Killed Natasha
  3317 | D:4      | XOM: give mutations
  3317 | D:4      | Gained mutation: You have a pair of horns on your head. [Xom's grace]
  3317 | D:4      | Gained mutation: You are covered in fur. (AC +1) [Xom's grace]
  3317 | D:4      | Gained mutation: You evolve. [Xom's grace]
  3353 | D:5      | Entered Level 5 of the Dungeon
  3636 | D:5      | XOM: confuse monster(s)
  3651 | D:5      | XOM: smoke on damage
  4092 | D:5      | XOM: harmless Necr miscast
  4198 | D:5      | Reached skill level 9 in Fighting
  4247 | D:5      | XOM: harmless Erth miscast
  4407 | D:6      | Gained mutation: You have hoof-like feet. [demonic ancestry]
  4407 | D:6      | Reached XP level 8. HP: 55/71 MP: 8/8
  4468 | D:6      | XOM: enchant monster (bad)
  4469 | D:6      | XOM: confusion (+ monsters)
  4479 | D:6      | XOM: summons friendly crimson imp
  4602 | D:6      | Reached skill level 5 in Armour
  4840 | D:7      | XOM: harmless Necr miscast
  4880 | D:7      | Reached skill level 10 in Fighting
  4933 | D:7      | XOM: god gift: robe {god gift}
  4953 | D:7      | XOM: divination: magic mapping
  4954 | D:7      | XOM: summons friendly ufetubus
  4969 | D:7      | Noticed a hippogriff
  4970 | D:7      | XOM: smoke on damage
  4987 | D:7      | XOM: summons friendly quasit
  4993 | D:7      | Gained mutation: You are immune to freezing clouds. [demonic ancestry]
  4993 | D:7      | Reached XP level 9. HP: 79/79 MP: 9/9
  5369 | D:7      | Found a staircase to the Ecumenical Temple.
  5530 | D:8      | Reached skill level 11 in Fighting
  5541 | D:8      | XOM: summons friendly ufetubus
  5554 | D:8      | XOM: harmless Tmut miscast
  5558 | D:8      | Reached skill level 5 in Axes
  5629 | D:8      | XOM: 1-stop teleportation journey
  5862 | D:8      | XOM: summons 4 hostile shadow creatures
  6102 | D:8      | Found a staircase to the Lair.
  6140 | D:8      | Reached XP level 10. HP: 88/88 MP: 10/10
  6626 | D:8      | Found a hazy altar of Hepliaklqana.
  6626 | D:8      | XOM: 9-stop teleportation journey
  6698 | D:8      | Got a clouded silver amulet
  6712 | D:8      | Identified the amulet "Paoll" {Harm *Drain rF+} (You found it on level 8 of the Dungeon)
  6845 | D:9      | XOM: 2-stop teleportation journey
  6998 | D:9      | XOM: polymorph orc warrior -> iguana
  7048 | D:9      | Found a staircase to the Orcish Mines.
  7224 | D:9      | XOM: god gift: 51 gold pieces
  7417 | D:9      | XOM: 3-stop teleportation journey
  7444 | D:9      | Noticed a two-headed ogre
  7454 | D:9      | Killed a two-headed ogre
  7590 | D:10     | Entered Level 10 of the Dungeon
  7851 | D:10     | XOM: swap monsters
  7894 | D:10     | Noticed a two-headed ogre
  7912 | D:10     | XOM: swap monsters
  7914 | D:10     | Killed a two-headed ogre
  8020 | D:10     | Lost mutation: You are clumsy. (Dex -2) [evolution]
  8045 | D:10     | XOM: chaos cloud
  8054 | D:10     | Noticed a guardian serpent
  8058 | D:10     | Noticed an elephant
  8058 | D:10     | a guardian serpent changed into an elephant
  8061 | D:10     | Noticed a mana viper
  8061 | D:10     | an elephant changed into a mana viper
  8063 | D:10     | Killed a mana viper
  8090 | D:10     | XOM: 2-stop teleportation journey
  8091 | D:10     | Noticed Grum
  8091 | D:10     | Reached skill level 12 in Fighting
  8103 | D:10     | Killed Grum
  8103 | D:10     | Gained mutation: You have hooves in place of feet. [demonic ancestry]
  8103 | D:10     | Reached XP level 11. HP: 29/94 MP: 11/11
  8186 | D:10     | Noticed a two-headed ogre
  8196 | D:10     | Killed a two-headed ogre
  8300 | D:10     | XOM: 7-stop teleportation journey
  8341 | D:10     | XOM: cast spell 'Summon Hydra'
  8366 | D:10     | XOM: polymorph bullfrog -> wolf
  8377 | D:10     | XOM: enchant monster (good)
  8395 | D:10     | XOM: potion effect (haste)
  8436 | D:10     | XOM: mild Pois miscast
  8633 | D:10     | Gained mutation: Your system is resistant to poisons. (rPois) [evolution]
  8653 | D:10     | XOM: divine lightning
  8673 | D:10     | XOM: cleaving
  8765 | D:10     | XOM: divination: detect creatures
  8996 | D:11     | XOM: cloud trail
  8997 | D:11     | Noticed Erica
  9004 | D:11     | Noticed BonjourVileCrotch's ghost (novice FoFi)
  9011 | D:11     | Killed Erica
  9019 | D:11     | Noticed Sonja
  9030 | D:11     | XOM: enchant monster (bad)
  9033 | D:11     | Killed BonjourVileCrotch's ghost
  9158 | D:11     | XOM: enchant monster (bad)
  9297 | D:11     | XOM: polymorph Sonja -> Sonja
  9303 | D:11     | Killed Sonja
  9303 | D:11     | Reached skill level 1 in Evocations
  9368 | D:11     | Noticed a cyan ugly thing
  9370 | D:11     | XOM: mild Necr miscast
  9377 | D:11     | Killed a cyan ugly thing
  9388 | D:11     | XOM: mild Ice miscast
  9399 | D:11     | XOM: divination: magic mapping
  9866 | Lair:1   | Entered Level 1 of the Lair of Beasts
  9871 | Lair:1   | XOM: cast spell 'Call Canine Familiar'
  9978 | Lair:1   | XOM is BORED!
  9978 | Lair:1   | XOM: 1-stop teleportation journey
  9998 | Lair:1   | XOM: cleaving
 10285 | Lair:1   | XOM: summons 3 hostile shadow creatures
 10668 | Lair:1   | XOM: mild Conj miscast
 10746 | Lair:1   | XOM: blink monster(s)
 10749 | Lair:1   | XOM: enchant monster (bad)
 10758 | Lair:1   | Reached skill level 10 in Axes
 10758 | Lair:1   | XOM: potion effect (brilliance)
 11022 | Lair:2   | XOM: summons 1 hostile demon
 11029 | Lair:2   | XOM: potion effect (heal wounds)
 11037 | Lair:2   | Gained mutation: You are mostly covered in slimy green scales. (AC +3) [demonic ancestry]
 11037 | Lair:2   | Reached XP level 12. HP: 89/103 MP: 14/14
 11098 | Lair:2   | XOM: polymorph yak -> golden eye
 11100 | Lair:2   | XOM: 7-stop teleportation journey
 11158 | Lair:2   | Found a glowing silver altar of Zin.
 11315 | Lair:2   | XOM is BORED!
 11315 | Lair:2   | XOM: give mutations
 11315 | Lair:2   | Lost mutation: You have a pair of horns on your head. [Xom's mischief]
 11315 | Lair:2   | Lost mutation: Your system is resistant to poisons. (rPois) [Xom's mischief]
 11315 | Lair:2   | Gained mutation: Your body often deteriorates upon taking damage. [Xom's mischief]
 11315 | Lair:2   | Lost mutation: Scrolls take you a little longer to read. [Xom's mischief]
 11385 | Lair:2   | XOM: divination: detect items
 11390 | Lair:2   | XOM: polymorph golden eye -> acid dragon
 11400 | Lair:2   | XOM: mild Conj miscast
 11610 | Lair:2   | XOM: give mutations
 11610 | Lair:2   | Gained mutation: You are frail. (-10% HP) [Xom's mischief]
 11610 | Lair:2   | Gained mutation: You are clumsy. (Dex -2) [Xom's mischief]
 11610 | Lair:2   | Lost mutation: Armour fits poorly on your strangely shaped body. [Xom's mischief]
 11610 | Lair:2   | Lost mutation: You are frail. (-10% HP) [Xom's mischief]
 11685 | Lair:2   | XOM: mild Air miscast
 11793 | Lair:2   | XOM: summons 6 hostile demons
 11847 | Lair:3   | Found a staircase to the Swamp.
 11855 | Lair:3   | XOM: summons friendly ufetubus
 11863 | Lair:3   | XOM: mild Hex miscast
 11935 | Lair:3   | Reached skill level 5 in Evocations
 12015 | Lair:3   | XOM: enchant monster (good)
 12107 | Lair:3   | Gained mutation: You can translocate small distances at will. [evolution]
 12173 | Lair:3   | XOM: harmless Tmut miscast
 12198 | Lair:3   | Found an opulent altar of Gozag.
 12203 | Lair:3   | XOM: confusion (+ monsters)
 12257 | Lair:3   | Noticed a catoblepas
 12264 | Lair:3   | XOM: mild Conj miscast
 12270 | Lair:3   | XOM: harmless Summ miscast
 12285 | Lair:3   | Killed a catoblepas
 12285 | Lair:3   | Reached skill level 13 in Fighting
 13036 | Lair:4   | XOM: mild Summ miscast
 13050 | Lair:4   | Noticed a catoblepas
 13073 | Lair:4   | Killed a catoblepas
 13073 | Lair:4   | Reached skill level 10 in Armour
 13077 | Lair:4   | XOM: medium Necr miscast
 13098 | Lair:4   | XOM: medium Tloc miscast
 13098 | Lair:4   | Cast into level 2 of the Abyss (the capriciousness of Xom)
 13098 | Abyss:2  | Found a corrupted altar of Lugonu.
 13154 | Abyss:2  | XOM: polymorph golden eye -> yak
 13166 | Abyss:2  | XOM: potion effect (brilliance)
 13208 | Abyss:2  | XOM: smoke on damage
 13294 | Abyss:2  | XOM: potion effect (haste)
 13309 | Abyss:2  | XOM: potion effect (brilliance)
 13322 | Abyss:2  | XOM: potion effect (might)
 13340 | Abyss:2  | XOM: potion effect (brilliance)
 13377 | Abyss:2  | Noticed a lich
 13384 | Abyss:3  | Found a corrupted altar of Lugonu.
 13455 | Abyss:3  | Found a corrupted altar of Lugonu.
 13506 | Abyss:3  | Noticed a red draconian scorcher
 13512 | Abyss:3  | XOM: potion effect (invisibility)
 13522 | Abyss:3  | Found a corrupted altar of Lugonu.
 13568 | Abyss:3  | XOM: divination: magic mapping
 13570 | Abyss:3  | HP: 1/105 [large abomination (27)]
 13590 | Abyss:3  | XOM: harmless Pois miscast
 13592 | Abyss:3  | XOM: potion effect (berserk rage)
 13601 | Abyss:3  | XOM: cast spell 'Call Canine Familiar'
 13629 | Abyss:3  | XOM: divination: detect items
 13649 | Abyss:3  | XOM: harmless Tloc miscast
 13666 | Abyss:3  | XOM: cast spell 'Summon Small Mammal'
 13667 | Abyss:3  | Noticed a starcursed mass
 13667 | Abyss:3  | XOM: potion effect (heal wounds)
 13673 | Abyss:3  | XOM: potion effect (magic)
 13686 | Abyss:3  | Noticed a tentacled starspawn
 13687 | Abyss:3  | XOM: potion effect (brilliance)
 13693 | Abyss:3  | Noticed a tentacled starspawn
 13766 | Abyss:3  | Noticed a blizzard demon
 13771 | Abyss:3  | XOM: cleaving
 13772 | Abyss:3  | XOM: potion effect (heal wounds)
 13773 | Abyss:3  | HP: 4/105 [raiju/living lightning (13)]
 13773 | Abyss:3  | Killed from afar by a raiju

Skill      XL: |  1  2  3  4  5  6  7  8  9 10 11 12 |
---------------+-------------------------------------+-----
Fighting       | 4 6 8 9 10 11 12 13 | 13.2
Armour         | 3 5 7 8 9 10 | 10.1
Axes           | 5 8 10 11 | 11.2
Evocations     | 3 6 |  6.9
Dodging        | |  0.8

Action                   |  1- 3 |  4- 6 |  7- 9 | 10-12 || total
-------------------------+-------+-------+-------+-------++-------
Melee: Hand axe          |    82 |   176 |   333 |       ||   591
       Headbutt          |       |     8 |    88 |   173 ||   269
       War axe           |       |       |   178 |   933 ||  1111
       Kick              |       |       |       |   194 ||   194
Throw: Throwing net      |     1 |       |       |       ||     1
Evoke: Wand              |       |       |       |    26 ||    26
       Lightning rod     |       |       |       |     4 ||     4
       Phial of floods   |       |       |       |     1 ||     1
       Box of beasts     |       |       |       |     1 ||     1
  Use: Potion            |       |     7 |     1 |    15 ||    23
       Scroll            |       |       |    10 |    10 ||    20
 Stab: Paralysed         |       |     3 |    13 |     6 ||    22
       Sleeping          |       |     4 |     2 |     3 ||     9
       Confused          |       |       |     1 |       ||     1
       Petrified         |       |       |       |    14 ||    14
       Invisible         |       |       |       |     3 ||     3
  Eat: Chunk             |     1 |     5 |    12 |    22 ||    40
       Ration            |       |       |       |     1 ||     1
Armor: Leather armour    |    36 |   114 |   220 |    15 ||   385
       Skin              |       |       |    32 |       ||    32
       Plate armour      |       |       |       |   643 ||   643
Dodge: Dodged            |    41 |    92 |   300 |   694 ||  1127
Block: Buckler           |       |    24 |   140 |   320 ||   484
